 Dungeon Crawl Stone Soup version 0.29.1-15-g9cfb28693d (webtiles) character file.

Game seed: 2868140367041386750

7 booth the Chopper (level 1, -1/16 HPs)
             Began as a Demonspawn Gladiator on Apr 22, 2023.
             Slain by a goblin
             ... wielding a +0 club
              (4 damage)
             ... on level 1 of the Dungeon.
             The game lasted 00:00:52 (195 turns).

booth the Chopper (Demonspawn Gladiator)             Turns: 195, Time: 00:00:52

Health: -1/16      AC:  4    Str: 14    XL:     1   Next: 83%
Magic:  1/1        EV: 12    Int:  9    God:
Gold:   0          SH:  0    Dex: 14    Spells: 0/0 levels left

rFire   . . .      SeeInvis .   a - +0 war axe
rCold   . . .      Faith    .   (no shield)
rNeg    . . .      Spirit   .   b - +0 leather armour
rPois   .          Reflect  .   c - +0 helmet
rElec   .          Harm     .   (no cloak)
rCorr   .          Rampage  .   (no gloves)
Will    .....                   (no boots)
Stlth   +.........              (no amulet)
HPRegen 0.05/turn               (no ring)
MPRegen 0.07/turn               (no ring)

@: no status effects
A: no striking features
a: no special abilities


You were on level 1 of the Dungeon.
You visited 1 branch of the dungeon, and saw 1 of its levels.

Inventory:

Hand Weapons
 a - a +0 war axe (weapon)
Missiles
 d - 3 throwing nets (quivered)
 e - a javelin
Armour
 b - a +0 leather armour (worn)
 c - a +0 helmet (worn)
Potions
 f - a potion of haste {unknown}
 g - a potion of curing {unknown}


   Skills:
 + Level 2.1 Fighting
 * Level 2.9 Axes
 + Level 1.9 Throwing
 + Level 2.8 Dodging


You couldn't memorise any spells.
You didn't know any spells.
Your spell library contained the following spells:

 Spells                   Type           Power      Damage    Failure   Level
 Magic Dart               Conj           0%         1d3       45%         1
 Searing Ray              Conj           0%         2d4       61%         2
 Fulminant Prism          Conj/Hex       0%         3d6       99%         4


Dungeon Overview and Level Annotations

Branches:
Dungeon (1/15)

Altars:


Message History

The bat barely misses you.
You hit the bat.
The bat is moderately wounded.
The bat hits you. The bat hits you but does no damage.
You hit the bat but do no damage.
The bat is moderately wounded.
The bat hits you but does no damage.
You hit the bat.
You kill the bat!
HP restored.
You see here a bat corpse.
You pick up a book of Conjurations and begin reading...
You add the spells Magic Dart, Searing Ray and Fulminant Prism to your library.
A giant cockroach and 2 goblins come into view.
The goblin shouts!
A goblin and an endoplasm come into view.
The goblin shouts!
Found a robe.
The goblin closely misses you. The goblin barely misses you.
You slash the giant cockroach!
You kill the giant cockroach!
You closely miss the goblin. The goblin hits you with a +0 dagger.
The goblin hits you but does no damage. The endoplasm closely misses you.
The goblin closely misses you. x2
You see here a giant cockroach corpse.
You closely miss the goblin. x2; You hit the endoplasm but do no damage.
The endoplasm hits you but does no damage.
The goblin closely misses you. The goblin barely misses you.
You barely miss the goblin. You hit the endoplasm. You barely miss the goblin.
The endoplasm freezes you.
You are frozen.
The goblin hits you with a +0 club.
You completely miss the goblin. You closely miss the goblin.
You barely miss the endoplasm. The endoplasm freezes you.
You are frozen.
* * * LOW HITPOINT WARNING * * *
The goblin hits you with a +0 club.
You die...

######## #......###
#.†......## #.#.##.#..#
#.#.#.###.# #.##.#.#.##
######g#.###†#.#
#...g.@...#.##.#
#.....Jg........######
..............#......#
.........#######.#######
.........#.......#.....#
.[.......#.#####.#.###.#
.........#.....#.#.#<#.#
#........#####.#.#...#.#
#...#.#.#####.#


You could see an endoplasm and 3 goblins.

Vanquished Creatures
  A giant cockroach (D:1)
  A goblin (D:1)
  A hobgoblin (D:1)
  2 ball pythons (D:1)
  A bat (D:1)
  A rat (D:1)
7 creatures vanquished.

Notes
Turn   | Place    | Note
-------+----------+-------------------------------------------
     0 | D:1      | booth the Demonspawn Gladiator began the quest for the Orb.
     0 | D:1      | Reached XP level 1. HP: 16/16 MP: 1/1
   195 | D:1      | Slain by a goblin

Illustrated notes

Levels and vault maps discovered:
D:1:      matt_arrival_spirals, layout_rooms, minmay_tripent

Action                   || total
-------------------------++-------
Melee: War axe           ||    14
 Stab: Sleeping          ||     1
Armor: Leather armour    ||     4
Dodge: Dodged            ||    18
